 Dungeon Crawl Stone Soup version 0.21-a0-578-gc6e9d75 (webtiles) character file.

89 vishdafish the Charmwright (level 4, 0/33 HPs)
             Began as a Demonspawn Skald on Dec 18, 2017.
             Succumbed to an adder's poison
             ... on level 2 of the Dungeon.
             The game lasted 00:02:34 (1719 turns).

vishdafish the Charmwright (Demonspawn Skald)       Turns: 1719, Time: 00:02:35

Health: 0/33       AC:  3    Str: 16    XL:     4   Next: 31%
Magic:  5/7        EV: 12    Int: 21    God:
Gold:   103        SH:  6    Dex: 12    Spells: 6/7 levels left

rFire    + . .     SeeInvis .   a - +0 spear
rCold    + . .     Gourm    .   (no shield)
rNeg     . . .     Faith    .   b - +0 leather armour
rPois    +         Spirit   .   (no helmet)
rElec    +         Reflect  .   (no cloak)
rCorr    +         Harm     .   (no gloves)
MR       .....                  (no boots)
Stlth    ..........             (no amulet)
HPRegen  0.11/turn              j - ring of loudness
MPRegen  0.10/turn              (no ring)

@: mighty, brilliant, lethally poisoned (0 -> -4), resistant, berserk cooldown,
flying, hasted and slowed
A: large bone plates 2
a: no special abilities


You were on level 2 of the Dungeon.
You were hungry.

You visited 1 branch of the dungeon, and saw 4 of its levels.

You collected 103 gold pieces.

Inventory:

Hand Weapons
 a - a +0 spear (weapon)
Armour
 b - a +0 leather armour (worn)
Jewellery
 j - a ring of loudness (left hand)
Scrolls
 e - a scroll of enchant armour {unknown}
 i - a scroll of remove curse
 l - a scroll of enchant weapon {unknown}
 n - a scroll of amnesia {unknown}
 p - a scroll of random uselessness {unknown}
Books
 c - a book of Battle

   Spells                             Type                      Level
   a - Infusion                       Charms                       1
   b - Shroud of Golubria             Charms/Translocation         2
   c - Song of Slaying                Charms                       2
   d - Spectral Weapon                Hexes/Charms                 3
   e - Regeneration                   Charms/Necromancy            3
Comestibles
 d - 3 rations


   Skills:
 - Level 2.0 Fighting
 * Level 3.0 Polearms
 + Level 1.7 Armour
 + Level 2.4 Dodging
 - Level 2.0 Spellcasting
 + Level 3.2 Charms


You had 6 spell levels left.
You knew the following spells:

 Your Spells              Type           Power        Failure   Level  Hunger
a - Infusion              Chrm           ####         1%          1    #......


Dungeon Overview and Level Annotations

Branches:
Dungeon (4/15)
 Temple: D:4-7

Altars:


Innate Abilities, Weirdness & Mutations

You are mostly covered in large bone plates. (SH +6)


Message History

It was a potion of haste.
You feel yourself speed up.
* * * LOW HITPOINT WARNING * * *
You feel sick.
It was a potion of might.
You feel very mighty all of a sudden.
It was a potion of flight.
You feel very buoyant.
You fly up into the air.
* * * LOW HITPOINT WARNING * * *
You feel sick.
There is a lethal amount of poison in your body!
You aren't carrying any potions.
As you read the scroll labeled MURCHEVVA IHOE, it crumbles to dust.
You feel as if something is helping you.
It was a scroll of remove curse.
You are no longer magically infusing your attacks.
* * * LOW HITPOINT WARNING * * *
You feel sick.
You see here an adder corpse.
You die...

#.# #.# #<#
#.# #.# #.#
#.# #.#
#.#######.#
#.#
#.........#
#.#
#.#########
#.# ..# #.#
#.# ##.#
#.# #.@#
#.# #.##
#.# #†# #.#
#.##### #.#
#.#...# #.#
#.....# #.#
###...# #.#
##.## ..#
#.#


There were no monsters in sight!

Vanquished Creatures
  A hound (D:3)
  An adder (D:2)
  A worm (D:2)
  A dart slug (D:1)
  3 leopard geckos (D:3)
  An orc (D:3)
  A giant cockroach (D:1)
  5 goblins
  3 hobgoblins
  6 jackals
  2 kobolds
  2 ball pythons
  6 bats
  A frilled lizard (D:2)
  5 rats
39 creatures vanquished.

Notes
Turn   | Place    | Note
-------+----------+-------------------------------------------
     0 | D:1      | vishdafish the Demonspawn Skald began the quest for the Orb.
     0 | D:1      | Reached XP level 1. HP: 16/16 MP: 3/3
   119 | D:1      | Reached skill level 1 in Armour
   319 | D:1      | Gained mutation: You are partially covered in large bone plates. (SH +4) [demonic ancestry]
   319 | D:1      | Reached XP level 2. HP: 10/22 MP: 1/5
   878 | D:2      | You fall through a shaft for 2 floors!
  1109 | D:3      | Gained mutation: You are mostly covered in large bone plates. (SH +6) [demonic ancestry]
  1109 | D:3      | Reached XP level 3. HP: 23/27 MP: 0/6
  1290 | D:3      | Reached XP level 4. HP: 21/33 MP: 7/7
  1717 | D:2      | HP: 1/33 [poisoned by an adder]
  1719 | D:2      | Succumbed to an adder's poison

Vault maps used:
D:1:      nzn_arrival_settlement, nrook_mini_vaults, minmay_split_cup_small
D:2:      marbit_many_paths
D:3:      lemuel_doored_altar, nicolae_overflow_crystal_walls, minmay_quantized
D:4:      first_ration, grunt_decor_cap, uniq_eustachio

Skill      XL: |  1  2  3  4 |
---------------+-------------+-----
Armour         | 1 |  1.7
Polearms       | 2 3 |  3.0
Dodging        | 2 |  2.4
Charms         | 3 |  3.2
Fighting       | |  2.0
Spellcasting   | |  2.0

Action                   |  1- 3 |  4- 6 || total
-------------------------+-------+-------++-------
Melee: Spear             |   122 |    27 ||   149
 Cast: Infusion          |     4 |     2 ||     6
  Use: Potion            |       |     6 ||     6
       Scroll            |       |     1 ||     1
  Eat: Chunk             |     1 |     1 ||     2
Armor: Leather armour    |    28 |     5 ||    33
Dodge: Dodged            |    58 |     4 ||    62
Block: Other             |    19 |     4 ||    23

Table legend:
 A = Spawn XP
 B = Non-spawn XP
 C = Spawn XP percentage of total XP
 D = Spawn monster count
 E = Non-spawn monster count
 F = Spawn count percentage of total count
 G = Total turns spent on level
                    A         B        C        D         E        F      G
               +---------+---------+-------+---------+---------+-------+---------
         Total |       0 |     128 |   0.0 |       0 |      39 |   0.0 |  1719
               +---------+---------+-------+---------+---------+-------+---------
           D:1 |       0 |      23 |   0.0 |       0 |      13 |   0.0 |   770
           D:2 |       0 |      32 |   0.0 |       0 |      10 |   0.0 |   327
           D:3 |       0 |      73 |   0.0 |       0 |      16 |   0.0 |   614
               +---------+---------+-------+---------+---------+-------+---------
